[Event "Late-Titled-Tuesday-Blitz-March-05-2024"]
[Site "Chess.com"]
[Date "2024.03.05"]
[Round "5"]
[White "chucksterf10"]
[Black "Eloist"]
[Result "0-1"]
[WhiteElo "2553"]
[BlackElo "2448"]
[TimeControl "180+1"]
[EndTime "14:51:40 PST"]
[Termination "Eloist won by resignation"]

1. c4 e5 2. f4 exf4 3. d4 Qh4+ 4. Kd2 Nf6 5. Kc2 d5 6. Nf3 Bf5+ 7. Kb3 dxc4+ 8. Kxc4 Qh5 9. Bxf4 Be6+ 10. Kc3 Nd5+ 11.
Kd2 Nxf4 12. e3 Nd5 13. Nc3 Bb4 14. a3 Bxc3+ 15. bxc3 O-O 16. c4 Nf6 17. Bd3 Bf5 18. Be2 Ne4+ 19. Kc1 Qh6 20. Qb3 Nc6 21. Re1 Rfe8 22.
Bd3 Nd6 23. Bf1 Be4 24. Nd2 Bg6 25. h3 Nxd4 26. Qxb7 Nxb7 0-1

[Event "Late-Titled-Tuesday-Blitz-March-05-2024"]
[Site "Chess.com"]
[Date "2024.03.05"]
[Round "5"]
[White "Squirlolz"]
[Black "alexrustemov"]
[Result "1-0"]
[WhiteElo "2597"]
[BlackElo "2795"]
[TimeControl "180+1"]
[EndTime "14:51:50 PST"]
[Termination "Squirlolz won on time"]

1. b3 d5 2. Bb2 Bf5 3. e3 e6 4. f4 Nf6 5. Nf3 Be7 6. d3 O-O 7. Nbd2 c5 8. Qe2 Nc6 9. Rg1 Bg4 10. O-O-O a5 11. a4 Nb4 12. c3 Nc6 13. h3 Bxf3 14.
Nxf3 1-0

[Event "Late-Titled-Tuesday-Blitz-March-05-2024"]
[Site "Chess.com"]
[Date "2024.03.05"]
[Round "5"]
[White "1g60-1"]
[Black "dimoni64"]
[Result "0-1"]
[WhiteElo "2291"]
[BlackElo "1979"]
[TimeControl "180+1"]
[EndTime "14:51:57 PST"]
[Termination "dimoni64 won by resignation"]

1. e4 c5 2. Nf3 d6 3. d4 cxd4 4.
Nxd4 Nf6 5. Nc3 a6 6. Be3 e5 7.
Nb3 Be6 8. f3 Be7 9. Qd2 O-O 10.
O-O-O Nbd7 11. g4 b5 12. g5 b4 13. Nd5 Nxd5 14. exd5 Bf5 15. Kb1 a5 16. Nc1 Qc7 17. Bd3 Bxd3 18. Nxd3 Rfc8 19. h4 Nb6 20. Bxb6 Qxb6 21. h5 Rab8 22. g6 a4 23. gxf7+ Kh8 24.
Nf2 b3 25. cxb3 axb3 26. a3 Rc2 27. Ne4 Rxd2 28. Rxd2 Rf8 29. h6 Rxf7 30. Rc1 gxh6 31. Rc8+ Rf8 32. Rc1 Bg5 33. Rd3 Bxc1 0-1

[Event "Late-Titled-Tuesday-Blitz-March-05-2024"]
[Site "Chess.com"]
[Date "2024.03.05"]
[Round "5"]
[White "Ykow"]
[Black "grzechu96"]
[Result "1-0"]
[WhiteElo "2543"]
[BlackElo "2732"]
[TimeControl "180+1"]
[EndTime "14:52:01 PST"]
[Termination "Ykow won by resignation"]

1. e4 c5 2. Nf3 d6 3. Nc3 Nf6 4.
e5 dxe5 5. Nxe5 a6 6. g3 Qc7 7.
d4 cxd4 8. Qxd4 e6 9. Bf4 Qa5 10. Nc4 Qc5 11. Qxc5 Bxc5 12. Na4 Nbd7 13. Nxc5 Nxc5 14.
Nb6 Nd5 15. Nxa8 Nxf4 16. gxf4 b5 17. Bg2 Bb7 18. Bxb7 Nxb7 19. O-O-O Ke7 20. Nb6 Nd6 21. Rhe1 1-0

[Event "Late-Titled-Tuesday-Blitz-March-05-2024"]
[Site "Chess.com"]
[Date "2024.03.05"]
[Round "5"]
[White "Gambito_SE"]
[Black "FMJoseHerrera"]
[Result "0-1"]
[WhiteElo "2507"]
[BlackElo "2763"]
[TimeControl "180+1"]
[EndTime "14:52:02 PST"]
[Termination "FMJoseHerrera won by resignation"]

1. e4 c5 2. Nc3 e6 3. g3 b6 4. Bg2 Bb7 5. Nge2 a6 6. O-O Qc7 7.
d3 d6 8. f4 Nd7 9. Be3 h5 10.
h3 Be7 11. a4 Ngf6 12. Qd2 g6 13. Rf2 O-O-O 14. Rff1 d5 15. e5 d4 16. exf6 Nxf6 17. Bf2 dxc3 18. Nxc3 Bxg2 19. Kxg2 Qc6+ 20. Kg1 h4 21. g4 Nxg4 22. hxg4 h3 23. Bg3 h2+ 24. Bxh2 Rh4 25. Qe2 Rdh8 26. Rf2 Bf6 27. Ne4 Bd4 0-1

[Event "Late-Titled-Tuesday-Blitz-March-05-2024"]
[Site "Chess.com"]
[Date "2024.03.05"]
[Round "5"]
[White "Ducke13"]
[Black "PNEPaul"]
[Result "1-0"]
[WhiteElo "2386"]
[BlackElo "1928"]
[TimeControl "180+1"]
[EndTime "14:52:03 PST"]
[Termination "Ducke13 won on time"]

1. Nf3 a6 2. d4 d6 3. g3 g6 4. Bg2 h6 5. c4 Bg7 6. Nc3 Nd7 7. O-O e6 8. e4 Ne7 9. Be3 O-O 10. Qd2 Kh7 11. Rac1 e5 12. d5 f5 13. Ne1 g5 14. f4 exf4 15. gxf4 g4 16. Nd3 1-0

[Event "Late-Titled-Tuesday-Blitz-March-05-2024"]
[Site "Chess.com"]
[Date "2024.03.05"]
[Round "5"]
[White "Arlo2024"]
[Black "PapaieDudu"]
[Result "0-1"]
[WhiteElo "2287"]
[BlackElo "2433"]
[TimeControl "180+1"]
[EndTime "14:52:12 PST"]
[Termination "PapaieDudu won on time"]

1. e4 c5 2. Nc3 a6 3. g3 e6 4. Bg2 b5 5. Nh3 Bb7 6. d3 d5 7. exd5 exd5 8. O-O Be7 9. Nf4 Nf6 10. Re1 O-O 11. Ncxd5 Nxd5 12. Nxd5 Bxd5 13. Bxd5 Qxd5 14. Rxe7 Nc6 15. Re4 Nd4 16. Bf4 f5 17.
Re3 Rae8 18. c4 Qc6 19. Be5 Rxe5 20. cxb5 axb5 21. Rxe5 Nf3+ 22. Kf1 Nxe5 23. Qb3+ c4 0-1

[Event "Late-Titled-Tuesday-Blitz-March-05-2024"]
[Site "Chess.com"]
[Date "2024.03.05"]
[Round "5"]
[White "cthulhuuu"]
[Black "Nouali_Mohamed"]
[Result "1-0"]
[WhiteElo "2448"]
[BlackElo "2542"]
[TimeControl "180+1"]
[EndTime "14:52:15 PST"]
[Termination "cthulhuuu won by checkmate"]

1. e4 c5 2. Nf3 Nc6 3. g3 Nf6 4. d3 d6 5. Bg2 g6 6. O-O Bg7 7. Re1 O-O 8. e5 dxe5 9. Nxe5 Nxe5 10. Rxe5 Nd7 11. Re1 e5 12. Nc3 Re8 13. h4 h5 14.
Bg5 f6 15. Be3 Bf8 16. g4 hxg4 17. Qxg4 Kg7 18. Be4 Re7 19. Qxg6+ Kh8 20. Qh5+ Kg8 21. Bd5+ Kg7 22. Qh6# 1-0

[Event "Late-Titled-Tuesday-Blitz-March-05-2024"]
[Site "Chess.com"]
[Date "2024.03.05"]
[Round "5"]
[White "Elsa167"]
[Black "Yurovskykh_Oleksandr"]
[Result "1-0"]
[WhiteElo "2897"]
[BlackElo "2656"]
[TimeControl "180+1"]
[EndTime "14:52:16 PST"]
[Termination "Elsa167 won by resignation"]

1. d4 d5 2. c4 e6 3. Nf3 Nf6 4. Nc3 c5 5. Bg5 cxd4 6. Qxd4 Nc6 7. Bxf6 gxf6 8. Qh4 d4 9. O-O-O e5 10. e3 Be7 11.
Nd5 Be6 12. exd4 Bxd5 13. dxe5 Bxf3 14. Rxd8+ Rxd8 15. gxf3 fxe5 16. Qh5 h6 17. h4 Bc5 18. Bh3 Ke7 19. Bf5 Bxf2 20. Be4 Be3+ 21. Kb1 Rd6 22. Bxc6 1-0

[Event "Late-Titled-Tuesday-Blitz-March-05-2024"]
[Site "Chess.com"]
[Date "2024.03.05"]
[Round "5"]
[White "emeli_chess"]
[Black "Vesapesa"]
[Result "1-0"]
[WhiteElo "2422"]
[BlackElo "2232"]
[TimeControl "180+1"]
[EndTime "14:52:20 PST"]
[Termination "emeli_chess won by resignation"]

1. d4 d5 2. c4 e6 3. Nc3 Nf6 4. cxd5 exd5 5. Bg5 Nbd7 6. e3 c6 7. Bd3 Be7 8. Nf3 Nf8 9. O-O Ne6 10. Bh4 g6 11. Rb1 Ng7 12. b4 O-O 13. b5 Ne4 14.
Bxe4 Bxh4 15. Bd3 Bg4 16. Be2 Qa5 17. Nxh4 Bxe2 18. Nxe2 Qxa2 19. Nc3 Qa5 20. Qb3 Qd8 21. Nf3 Ne6 22. bxc6 bxc6 23. Na4 Qa5 24. Qb4 Qa6 25. Nc5 Qc8 26. Rfc1 Nc7 27. Qb7 1-0

[Event "Late-Titled-Tuesday-Blitz-March-05-2024"]
[Site "Chess.com"]
[Date "2024.03.05"]
[Round "5"]
[White "jlf287"]
[Black "SamCopeland"]
[Result "1-0"]
[WhiteElo "2527"]
[BlackElo "2334"]
[TimeControl "180+1"]
[EndTime "14:52:23 PST"]
[Termination "jlf287 won by resignation"]

1. d4 f5 2. Nc3 d5 3. Bg5 c6 4. e3 Nd7 5. Bd3 g6 6. Nf3 Ngf6 7. Ne2 Ne4 8. Bf4 Ndf6 9. h3 e6 10.
O-O Bg7 11. c4 O-O 12. Rc1 h6 13. Bh2 g5 14. Ne5 Bd7 15. b4 Be8 16. a4 Bh5 17. f3 Nd6 18. c5 Nde8 19. g4 fxg4 20. fxg4 Bf7 21. Qc2 Kh8 22. b5 Rc8 23. bxc6 bxc6 24.
Rf3 Ng8 25. Nxf7+ 1-0

[Event "Late-Titled-Tuesday-Blitz-March-05-2024"]
[Site "Chess.com"]
[Date "2024.03.05"]
[Round "5"]
[White "hell3raiser"]
[Black "EsmeraldasAnderson03"]
[Result "1-0"]
[WhiteElo "2426"]
[BlackElo "2512"]
[TimeControl "180+1"]
[EndTime "14:52:25 PST"]
[Termination "hell3raiser won by resignation"]

1. e4 c5 2. b3 Nf6 3. e5 Nd5 4.
Bb2 Nc6 5. Qf3 e6 6. Qg3 d6 7.
exd6 Qxd6 8. Qxd6 Bxd6 9. Bxg7 Rg8 10. Bb2 Ncb4 11. Na3 a6 12. c3 Nc6 13. Nc4 Bc7 14.
a4 Bd7 15. Nf3 O-O-O 16. O-O-O e5 17. Ne3 Nf4 18. g3 Nh3 19. Bxh3 Bxh3 20. Rhg1 e4 21. Nh4 Ne5 22. Nhf5 Nd3+ 23. Kc2 Nxf2 24. Ne7+ Kb8 25. Nxg8 Nxd1 26. Rxd1 Rxg8 27. Re1 f5 28. c4 f4 29.
gxf4 Bxf4 30. Nd5 Bxh2 31. Rh1 Rg2 32. Rxh2 Rxh2 33. Be5+ Kc8 34. Bxh2 Kd7 35. Kd1 Ke6 36. Nf4+ 1-0

[Event "Late-Titled-Tuesday-Blitz-March-05-2024"]
[Site "Chess.com"]
[Date "2024.03.05"]
[Round "5"]
[White "sonson28291"]
[Black "DonBroca"]
[Result "0-1"]
[WhiteElo "2254"]
[BlackElo "2156"]
[TimeControl "180+1"]
[EndTime "14:52:26 PST"]
[Termination "DonBroca won by resignation"]

1. e4 c5 2. b4 cxb4 3. a3 d5 4. e5 e6 5. axb4 Bxb4 6. c3 Be7 7. d4 f5 8. f4 Nh6 9. Nf3 Nf7 10. Bd3 Bd7 11. O-O Nc6 12. Ba3 O-O 13. Kh1 a6 14.
Bxe7 Qxe7 15. Rg1 Rac8 16. g4 fxg4 17. Rxg4 Nh6 18. Rg3 Rxf4 19. Nbd2 Rcf8 20. Ng5 Nf5 21. Bxf5 R8xf5 22. Qg1 Nd8 23. c4 dxc4 24. Nxc4 Bc6+ 0-1

[Event "Late-Titled-Tuesday-Blitz-March-05-2024"]
[Site "Chess.com"]
[Date "2024.03.05"]
[Round "5"]
[White "Hikaru"]
[Black "Igor_Lysyj"]
[Result "1-0"]
[WhiteElo "3260"]
[BlackElo "2842"]
[TimeControl "180+1"]
[EndTime "14:52:28 PST"]
[Termination "Hikaru won by resignation"]

1. h3 d5 2. d4 Nf6 3. Nf3 c5 4. e3 g6 5. c4 cxd4 6. exd4 Bg7 7.
Nc3 O-O 8. Be3 b6 9. cxd5 Bb7 10. Bc4 Nxd5 11. O-O Nxc3 12. bxc3 Nc6 13. Bg5 Na5 14. Bd3 h6 15. Bh4 Rc8 16. Rc1 Bd5 17. Qe2 Re8 18.
Ne5 Nc6 19. Rfd1 Nxe5 20. dxe5 Qc7 21. Bxg6 Bxg2 22. Bxf7+ Kxf7 23. e6+ Kg8 24. Kxg2 Qc4 25. Qg4 Qxa2 26. Rd7 Rc6 27. Qg6 1-0

[Event "Late-Titled-Tuesday-Blitz-March-05-2024"]
[Site "Chess.com"]
[Date "2024.03.05"]
[Round "5"]
[White "jinxy2009"]
[Black "SharathRk6"]
[Result "1-0"]
[WhiteElo "2192"]
[BlackElo "2357"]
[TimeControl "180+1"]
[EndTime "14:52:39 PST"]
[Termination "jinxy2009 won by resignation"]

1. e4 e5 2. Nf3 Nc6 3. Bc4 Bc5 4. d3 Nf6 5. O-O O-O 6. h3 d6 7. c3 a6 8. a4 Ba7 9. Nbd2 h6 10. Re1 Be6 11. Bxe6 fxe6 12. b4 Qd7 13. Nf1 Ne7 14. g3 Ng6 15. N1h2 Nh5 16. Be3 Bxe3 17. Rxe3 Qf7 18. Ra2 d5 19. exd5 exd5 20. Nxe5 Nxe5 21. Rxe5 d4 22. c4 Nf6 23. Rae2 Rae8 24. Rxe8 Rxe8 25. Rxe8+ Qxe8 26. Nf3 Qd7 27. Kg2 b5 28. cxb5 axb5 29. a5 Nd5 30. Qb3 Kh7 31. Nxd4 Nf4+ 32. gxf4 Qxd4 33.
a6 Qxf4 34. Qe6 Qg5+ 35. Kh1 Qc1+ 36. Kg2 Qa1 37. Qf5+ Kh8 38. Qc8+ Kh7 39. Qb7 Qf6 40. Qe4+ Kh8 41. a7 Qg5+ 42. Kh2 1-0

[Event "Late-Titled-Tuesday-Blitz-March-05-2024"]
[Site "Chess.com"]
[Date "2024.03.05"]
[Round "5"]
[White "annacramling"]
[Black "jk13"]
[Result "0-1"]
[WhiteElo "2088"]
[BlackElo "2648"]
[TimeControl "180+1"]
[EndTime "14:52:40 PST"]
[Termination "jk13 won on time"]

1. d4 Nf6 2. c4 e6 3. Nf3 Bb4+ 4. Bd2 Bxd2+ 5. Qxd2 O-O 6. Nc3 d5 7. e3 Qe7 8. Qc2 a6 9. Bd3 dxc4 10. Bxc4 c5 11. dxc5 Qxc5 12. Be2 b5 13. Rc1 Bb7 14. O-O Nbd7 15. Rfd1 Rac8 16. Qd2 Qb6 17. b4 Rfd8 18. Qd4 Qc7 19. a3 Qb8 20. Qf4 Qxf4 21. exf4 Nb6 22. Rxd8+ Rxd8 23. Rd1 Rc8 24. Bf1 Bxf3 25. gxf3 g6 26. Ne4 Nbd5 27. Nxf6+ Nxf6 28. Rd3 Nd5 29. Rd4 Rc3 30. Be2 f5 31. h4 h5 0-1

[Event "Late-Titled-Tuesday-Blitz-March-05-2024"]
[Site "Chess.com"]
[Date "2024.03.05"]
[Round "5"]
[White "NCchamp"]
[Black "kagg1125"]
[Result "0-1"]
[WhiteElo "2333"]
[BlackElo "2526"]
[TimeControl "180+1"]
[EndTime "14:52:42 PST"]
[Termination "kagg1125 won by checkmate"]

1. d4 Nf6 2. Bg5 c5 3. d5 Qb6 4. Bxf6 gxf6 5. Qc1 d6 6. c4 h5 7. Nc3 Bh6 8. e3 Nd7 9. Nf3 Ne5 10. Nxe5 fxe5 11. Bd3 Rg8 12. Rg1 Bd7 13. Qc2 f5 14.
e4 fxe4 15. Bxe4 O-O-O 16. Bf5 Bxf5 17. Qxf5+ Kb8 18. Qc2 Rdf8 19. f3 Rxf3 20. Qh7 Qxb2 21. Qxg8+ Rf8 22. Qg6 Qd2# 0-1

[Event "Late-Titled-Tuesday-Blitz-March-05-2024"]
[Site "Chess.com"]
[Date "2024.03.05"]
[Round "5"]
[White "Oleksandr_Bortnyk"]
[Black "Lennis93"]
[Result "1-0"]
[WhiteElo "3001"]
[BlackElo "2701"]
[TimeControl "180+1"]
[EndTime "14:52:45 PST"]
[Termination "Oleksandr_Bortnyk won by resignation"]

1. e4 e6 2. Nf3 d5 3. e5 c5 4. d4 Nc6 5. Bd3 cxd4 6. O-O a5 7. a4 Bc5 8. Nbd2 Nge7 9. Nb3 b6 10. Bf4 h6 11. h4 Ba6 12. Bb5 Bxb5 13. axb5 Na7 14.
Nfxd4 Bxd4 15. Nxd4 Ng6 16. Bg3 h5 17. Ra4 Rc8 18. c3 Rc4 19. Rxc4 dxc4 20. Qe2 Qd5 21. Rd1 Qc5 22. Qe4 O-O 23. Nxe6 fxe6 24. Qxg6 Qc8 25. Rd6 Nxb5 26. Rxe6 Qd7 27. Rxb6 a4 28. e6 Qd1+ 29. Kh2 Qd5 30. e7 1-0

[Event "Late-Titled-Tuesday-Blitz-March-05-2024"]
[Site "Chess.com"]
[Date "2024.03.05"]
[Round "5"]
[White "pooh2012"]
[Black "Supelyel"]
[Result "1-0"]
[WhiteElo "2537"]
[BlackElo "2381"]
[TimeControl "180+1"]
[EndTime "14:52:46 PST"]
[Termination "pooh2012 won by resignation"]

1. d4 d6 2. Nf3 Nf6 3. Bg5 Nbd7 4. c4 e5 5. Nc3 Be7 6. g3 c6 7. Bg2 O-O 8. O-O Qc7 9. Qc2 Re8 10. Rfd1 h6 11.
Bc1 Bf8 12. b3 a6 13. Ba3 e4 14. Ne1 d5 15. Bxf8 Nxf8 16. cxd5 cxd5 17. Nxe4 Qd6 18. Nxd6 1-0

[Event "Late-Titled-Tuesday-Blitz-March-05-2024"]
[Site "Chess.com"]
[Date "2024.03.05"]
[Round "5"]
[White "Smoking_Crow"]
[Black "Shtembuliak"]
[Result "0-1"]
[WhiteElo "2616"]
[BlackElo "2849"]
[TimeControl "180+1"]
[EndTime "14:52:47 PST"]
[Termination "Shtembuliak won by resignation"]

1. e4 d6 2. d4 g6 3. Nc3 Bg7 4. f4 a6 5. Nf3 Nd7 6. Be3 b5 7. Bd3 Bb7 8. Qd2 c5 9. dxc5 Nxc5 10. Bxc5 dxc5 11. O-O-O c4 12. Be2 Qxd2+ 13. Nxd2 Bxc3 14. bxc3 Nf6 15. Bf3 O-O-O 16. Rhe1 Nd7 17. e5 Nc5 18. Bxb7+ Kxb7 19. Nf3 Na4 20. Rxd8 Rxd8 21. Re3 h6 22.
Nd4 Nxc3 23. Rxc3 Rxd4 24. g3 Kc6 25. Ra3 Kb6 26. Re3 e6 27. Ra3 b4 28. Re3 c3 29. a3 a5 30. axb4 axb4 31. Kb1 Kb5 32. Kc1 Rd2 33. h4 h5 34. Kb1 Rg2 35. Rd3 Rg1+ 36. Ka2 Rc1 37. Rd7 Rxc2+ 38. Ka1 Kc4 0-1

[Event "Late-Titled-Tuesday-Blitz-March-05-2024"]
[Site "Chess.com"]
[Date "2024.03.05"]
[Round "5"]
[White "Inepton_Fermion"]
[Black "Fjal"]
[Result "1-0"]
[WhiteElo "2464"]
[BlackElo "2293"]
[TimeControl "180+1"]
[EndTime "14:52:54 PST"]
[Termination "Inepton_Fermion won by resignation"]

1. Nf3 Nf6 2. b3 g6 3. Bb2 Bg7 4. g3 O-O 5. Bg2 d5 6. c4 c5 7. cxd5 Qxd5 8. Nc3 Qd8 9. O-O Nc6 10. Rc1 b6 11. Ne5 Nxe5 12. Bxa8 Bh3 13. Bg2 Bxg2 14.
Kxg2 Qa8+ 15. Kg1 h5 16. Qc2 h4 17. f3 Nh5 18. Kg2 g5 19. Qe4 Qd8 20. Qd5 Qxd5 21.
Nxd5 Rd8 22. Nxe7+ Kf8 23. Bxe5 Rxd2 24. Bxg7+ Kxe7 25. Bc3 Rxa2 26. Kf2 a5 27. Ra1 Rc2 28. Rfc1 Rxc1 29.
Rxc1 f6 30. Rd1 hxg3+ 31. hxg3 Ng7 32. e4 1-0

[Event "Late-Titled-Tuesday-Blitz-March-05-2024"]
[Site "Chess.com"]
[Date "2024.03.05"]
[Round "5"]
[White "Bekkedahl"]
[Black "ventdelest"]
[Result "1-0"]
[WhiteElo "2204"]
[BlackElo "2059"]
[TimeControl "180+1"]
[EndTime "14:53:01 PST"]
[Termination "Bekkedahl won by resignation"]

1. e4 d6 2. d4 Nf6 3. Nc3 g6 4. Nf3 Bg7 5. h3 O-O 6. Be3 c6 7. Qd2 b5 8. a3 Nbd7 9. Be2 e5 10. O-O Bb7 11. Rad1 Qe7 12. dxe5 dxe5 13. Bh6 Nc5 14. Bxg7 Kxg7 15. Qe3 Nh5 16. b4 Nd7 17. Rd2 Nb6 18.
Rfd1 Nf4 19. Bf1 Bc8 20. Kh2 Be6 21. g3 Nh5 22. Nxe5 Bxh3 23. Nxc6 Qf6 24. Rd6 Be6 25. Nd5 Qb2 26. c3 Bxd5 27. exd5 Rae8 28. Qd4+ Kg8 29.
Ne5 Nf6 30. Rxf6 1-0

[Event "Late-Titled-Tuesday-Blitz-March-05-2024"]
[Site "Chess.com"]
[Date "2024.03.05"]
[Round "5"]
[White "aranibos"]
[Black "LUISMIGUELOV"]
[Result "1-0"]
[WhiteElo "2274"]
[BlackElo "2154"]
[TimeControl "180+1"]
[EndTime "14:53:04 PST"]
[Termination "aranibos won by resignation"]

1. d4 d5 2. Nf3 Bf5 3. Bf4 c6 4. e3 e6 5. Bd3 Bxd3 6. Qxd3 f5 7.
a3 Nf6 8. c4 Ne4 9. O-O Bd6 10.
Bxd6 Qxd6 11. Ne5 Nd7 12. f3 Nef6 13. Nxd7 Qxd7 14. Nc3 O-O 15. Rad1 Rad8 16. e4 fxe4 17. fxe4 Nxe4 18. Rxf8+ Rxf8 19. Nxe4 dxe4 20. Qxe4 Rf6 21. h3 g6 22. Qe5 Rf8 23. Re1 Kf7 24. Rf1+ Kg8 25.
Rxf8+ Kxf8 26. Qh8+ Ke7 27. Qxh7+ Kd6 28. Qxd7+ Kxd7 29. Kf2 c5 30. Ke3 cxd4+ 31. Kxd4 Kd6 32. b4 b6 33. h4 a5 34. g4 axb4 35. axb4 e5+ 36. Ke4 Ke6 37. h5 gxh5 38. gxh5 Kf6 39. h6 1-0

[Event "Late-Titled-Tuesday-Blitz-March-05-2024"]
[Site "Chess.com"]
[Date "2024.03.05"]
[Round "5"]
[White "tolimachess"]
[Black "RantomOpening"]
[Result "0-1"]
[WhiteElo "2440"]
[BlackElo "2583"]
[TimeControl "180+1"]
[EndTime "14:53:11 PST"]
[Termination "RantomOpening won by checkmate"]

1. e4 c5 2. Nf3 e6 3. d4 cxd4 4. Nxd4 Nf6 5. Bd3 Nc6 6. Be3 d5 7. exd5 Nxd5 8. Nxc6 bxc6 9. Bd2 Bc5 10. O-O O-O 11. a3 a5 12. c4 Ba6 13. Qf3 Nf6 14. Nc3 Bd4 15. Rad1 c5 16. Be3 e5 17. Bg5 Qb6 18. Bxf6 Qxf6 19. Qxf6 gxf6 20. Nd5 Kg7 21. b4 axb4 22. axb4 cxb4 23. Nxb4 Bb7 24. Rb1 Rfd8 25. Rfd1 e4 26. Bc2 e3 27. fxe3 Bxe3+ 28. Kf1 Rdc8 29. Bd3 Bc5 30. Nc2 Bc6 31. Be2 Ra2 32.
Ne1 Re8 33. Nd3 Rexe2 34. Nxc5 Rf2+ 35. Kg1 Rxg2+ 36. Kf1 Rxh2 37. Ne4 Rh1# 0-1

[Event "Late-Titled-Tuesday-Blitz-March-05-2024"]
[Site "Chess.com"]
[Date "2024.03.05"]
[Round "5"]
[White "Akhayan"]
[Black "TheMagician"]
[Result "1-0"]
[WhiteElo "2396"]
[BlackElo "2210"]
[TimeControl "180+1"]
[EndTime "14:53:21 PST"]
[Termination "Akhayan won on time"]

1. e4 e6 2. d4 d5 3. Nc3 Bb4 4. exd5 exd5 5. Qf3 Be6 6. Bd3 Nc6 7. Ne2 Nge7 8. O-O O-O 9. Be3 Qd7 10. h3 a6 11. Nf4 Bxc3 12. bxc3 Bf5 13. Rab1 Bxd3 14. Nxd3 b6 15. Qg3 Nf5 16. Qg4 Rad8 17. Bg5 f6 18.
Bf4 Nd6 19. Qf3 Nc4 20. Qg3 Rc8 21. Rfe1 Kh8 22. Re2 g5 23. Be3 Rce8 24. Rbe1 Re7 25.
Bxg5 Rxe2 26. Rxe2 fxg5 27. Qxg5 1-0

[Event "Late-Titled-Tuesday-Blitz-March-05-2024"]
[Site "Chess.com"]
[Date "2024.03.05"]
[Round "5"]
[White "DraningWaterHi"]
[Black "Rodalquilar"]
[Result "0-1"]
[WhiteElo "2203"]
[BlackElo "2776"]
[TimeControl "180+1"]
[EndTime "14:53:28 PST"]
[Termination "Rodalquilar won by checkmate"]

1. d4 d5 2. Bf4 Nf6 3. e3 e6 4.
Nf3 Bd6 5. Ne5 Nfd7 6. Bd3 Nxe5 7. dxe5 Be7 8. Nd2 b6 9. Nf3 Ba6 10. c3 Bxd3 11. Qxd3 Qc8 12. e4 Qa6 13. Qxa6 Nxa6 14. exd5 exd5 15. O-O-O O-O-O 16. Rhe1 Rhe8 17. Nd4 Kb7 18. Nf5 Bf8 19. Bg5 Rd7 20. f3 Nc5 21. Nd4 Ne6 22.
Nxe6 fxe6 23. f4 Rf7 24. Rf1 Bc5 25. Rde1 Ref8 26. g3 h6 27. b4 hxg5 28. bxc5 bxc5 29. Re2 gxf4 30. Ref2 g5 31. h4 fxg3 32. Rxf7 Rxf7 33.
Rxf7 g2 34. hxg5 g1=Q+ 35. Kb2 Qxg5 36. Rf2 Qxe5 37. Rc2 Kc6 38. a4 Qe4 39. c4 dxc4 40. a5 Qd3 41. a6 e5 42. Rh2 e4 43. Rc2 e3 44. Ka1 e2 45. Kb2 e1=Q 46. Rc1 Qb3+ 47. Ka1 Qxc1# 0-1

[Event "Late-Titled-Tuesday-Blitz-March-05-2024"]
[Site "Chess.com"]
[Date "2024.03.05"]
[Round "5"]
[White "JSPrepz"]
[Black "lefonghua"]
[Result "1-0"]
[WhiteElo "2839"]
[BlackElo "2610"]
[TimeControl "180+1"]
[EndTime "14:53:29 PST"]
[Termination "JSPrepz won by resignation"]

1. e4 c5 2. Nf3 g6 3. c3 Nc6 4. d4 d5 5. exd5 Qxd5 6. Nbd2 Bg7 7. Bc4 Qd8 8. dxc5 Nf6 9. O-O O-O 10. Qe2 Qc7 11.
h3 Na5 12. Bd3 Qxc5 13. b4 Qxc3 14. Rb1 Rd8 15. Bb5 a6 16. Bb2 Qc7 17. Rfc1 Qb6 18. Ba4 Nc6 19. Nc4 Qc7 20. Nce5 Bd7 21. Bb3 Be8 22. Ng5 Nd5 23. Nexf7 Bxf7 24. Nxf7 Kxf7 25. Qf3+ Bf6 26. Bxd5+ Kg7 27. Bxc6 bxc6 28. Rxc6 1-0

[Event "Late-Titled-Tuesday-Blitz-March-05-2024"]
[Site "Chess.com"]
[Date "2024.03.05"]
[Round "5"]
[White "masterofpuppets2"]
[Black "TimGrutter03"]
[Result "1-0"]
[WhiteElo "2492"]
[BlackElo "2603"]
[TimeControl "180+1"]
[EndTime "14:53:30 PST"]
[Termination "masterofpuppets2 won by resignation"]

1. d4 d5 2. c4 e6 3. Nc3 a6 4.
cxd5 exd5 5. Qc2 c6 6. Nf3 Nf6 7. Bg5 Be7 8. e3 O-O 9. Bd3 h6 10. Bf4 Be6 11. h3 Nbd7 12. O-O Ne8 13. b4 Bxb4 14. Rfb1 Qe7 15. a3 Bxc3 16. Qxc3 Ndf6 17. a4 Ne4 18. Qc2 N8d6 19. Rb6 g5 20. Bh2 f5 21. Ne5 Qc7 22. Rab1 Nb5 23. axb5 Qxb6 24. bxc6 Qc7 25. cxb7 Qxc2 26. Bxc2 Rab8 27. Nc6 f4 28. Nxb8 Rxb8 29. exf4 Nd6 30. f5 Rxb7 31. Rxb7 Nxb7 32. fxe6 Kf8 33. Ba4 Ke7 34. Bc6 Nd8 35. Bxd5 Nxe6 36. Bxe6 Kxe6 37. f4 gxf4 38. Bxf4 h5 39. Kf2 a5 40. Bd2 a4 41. Bb4 Kd5 42. Ke3 1-0

[Event "Late-Titled-Tuesday-Blitz-March-05-2024"]
[Site "Chess.com"]
[Date "2024.03.05"]
[Round "5"]
[White "BillCoe"]
[Black "GrotBchess"]
[Result "0-1"]
[WhiteElo "2130"]
[BlackElo "2388"]
[TimeControl "180+1"]
[EndTime "14:53:30 PST"]
[Termination "GrotBchess won by checkmate"]

1. e4 c5 2. Nf3 e6 3. d4 cxd4 4.
Nxd4 Nc6 5. c4 Nf6 6. Nc3 Bc5 7.
Nb3 Be7 8. h3 d6 9. Be3 a6 10. Qd2 b6 11. Be2 Bb7 12. f4 Rc8 13.
Bf3 Qc7 14. Rc1 Nb8 15. O-O Nbd7 16. Qf2 h5 17. Nd4 h4 18. b3 Nh5 19. Rfd1 Ng3 20. Nde2 Nxe2+ 21. Nxe2 Nc5 22. Nc3 Bf6 23. Bd4 e5 24.
fxe5 dxe5 25. Be3 O-O 26. Nd5 Bxd5 27. cxd5 Qd6 28. b4 Na4 29. a3 g6 30. Bg4 Rxc1 31. Rxc1 Bg7 32. Rc6 Qe7 33. Bxb6 Nxb6 34. Rxb6 Qc7 35. Qc5 Qd8 36. Rc6 Bh6 37. Kf2 Qg5 38. Qc3 f5 39. d6 fxg4+ 40. Ke2 gxh3 41. gxh3 Qg2+ 42. Kd1 Rf1+ 43. Qe1 Qd2# 0-1

[Event "Late-Titled-Tuesday-Blitz-March-05-2024"]
[Site "Chess.com"]
[Date "2024.03.05"]
[Round "5"]
[White "HansOnTwitch"]
[Black "Mikasinski"]
[Result "1-0"]
[WhiteElo "3114"]
[BlackElo "2681"]
[TimeControl "180+1"]
[EndTime "14:53:31 PST"]
[Termination "HansOnTwitch won by resignation"]

1. d4 Nf6 2. Nc3 d5 3. Bf4 g6 4. e3 Bg7 5. Nb5 Na6 6. h3 O-O 7. Nf3 Bf5 8. Be2 c6 9. Nc3 Nc7 10. O-O Ne4 11. Nxe4 Bxe4 12. c3 h6 13. Qb3 Rb8 14.
a4 b6 15. Ne5 Qe8 16. Nxg6 fxg6 17.
Bxc7 Rc8 18. Bg3 e5 19. Rae1 Kh7 20. Qd1 c5 21. Bg4 Rd8 22. f3 Bf5 23. Bxf5 Rxf5 24.
Qc2 Rd7 25. dxc5 bxc5 26. e4 dxe4 27. Rxe4 Qd8 28. Re2 Rd3 29. Rfe1 Qg5 30. Qxd3 Qxg3 31. Re4 Rg5 32. Qd2 h5 33. h4 Rf5 34. Qf2 Qxf2+ 35.
Kxf2 1-0

[Event "Late-Titled-Tuesday-Blitz-March-05-2024"]
[Site "Chess.com"]
[Date "2024.03.05"]
[Round "5"]
[White "Zhigalko_Sergei"]
[Black "Bryanl106"]
[Result "0-1"]
[WhiteElo "2873"]
[BlackElo "2656"]
[TimeControl "180+1"]
[EndTime "14:53:34 PST"]
[Termination "Bryanl106 won on time"]

1. e4 e5 2. Nf3 Nc6 3. Bc4 Nf6 4. d3 Bc5 5. O-O d6 6. c3 a5 7. Nbd2 O-O 8. h3 h6 9. Re1 a4 10. Nf1 Bd7 11. d4 Bb6 12. Ng3 Qe7 13. Nh4 exd4 14.
Ng6 Qd8 15. Nxf8 Qxf8 16. cxd4 Bxd4 17. Rb1 Bc5 18. Be3 Bxe3 19. Rxe3 Ne5 20. Be2 Bc6 21. Qc2 Ra5 22. Rd1 Rc5 23. Rc3 Rxc3 24. Qxc3 Ng6 25. Qb4 Qe8 26. Bf1 Nf4 0-1